 Dungeon Crawl Stone Soup version 0.29-a0-819-g94b489e0ae (webtiles) character file.

Game seed: 12267174272478033993

58 Ayihk420 the Scratcher (level 3, -3/17 HPs)
             Began as a Felid Berserker on July 7, 2022.
             Was a Believer of Trog.
             Slain by a worm (11 damage)
             ... on level 2 of the Dungeon.
             The game lasted 00:02:51 (1425 turns).

Ayihk420 the Scratcher (Felid Berserker)            Turns: 1425, Time: 00:02:52

Health: -3/17      AC:  1    Str: 15    XL:     3   Next: 75%
Magic:  4/4        EV: 22    Int:  8    God:    Trog [**....]
Gold:   64         SH:  0    Dex: 15    Spells: 2/2 levels left
                                        Lives:  0   Deaths: 0

rFire   . . .      SeeInvis +     - Unarmed
rCold   . . .      Faith    .   (shield unavailable)
rNeg    . . .      Spirit   .   (body armour unavailable)
rPois   .          Reflect  .   (helmet unavailable)
rElec   .          Harm     .   (cloak unavailable)
rCorr   .          Rampage  .   (gloves unavailable)
Will    .....                   (boots unavailable)
Stlth   +.........              (no amulet)
HPRegen 0.05/turn               b - +4 ring of evasion
MPRegen 0.09/turn               (no ring)

@: on berserk cooldown, slowed, slow
A: very small, claws 1, fangs 3, see invisible, speed 1, shaggy fur 1, stealthy
paws, no weapons or thrown items, no armour, multi-lived
a: Renounce Religion, Berserk, Trog's Hand


You were on level 2 of the Dungeon.
You worshipped Trog.
Trog was pleased with you.
You visited 1 branch of the dungeon, and saw 2 of its levels.

You collected 64 gold pieces.

Inventory:

Armour
 a - a +0 pair of boots
Jewellery
 b - a +4 ring of evasion (left paw)
Scrolls
 e - a scroll of teleportation {unknown}
 f - a scroll of acquirement {unknown}
 g - a scroll of poison {unknown}
 i - a scroll of noise {unknown}
 j - 3 scrolls of blinking {unknown}
 k - a scroll of enchant armour {unknown}
Potions
 c - a potion of degeneration {unknown}
 d - 2 potions of curing {unknown}
 h - a potion of haste {unknown}


   Skills:
 - Level 3.1 Fighting
 - Level 4.1 Dodging
 * Level 4.6 Unarmed Combat


You had 2 spell levels left.
You didn't know any spells.
Your spell library was empty.

Dungeon Overview and Level Annotations

Branches:
Dungeon (2/15)

Altars:


Innate Abilities, Weirdness & Mutations

You have sharp claws.
You have razor-sharp teeth.
You have supernaturally acute eyesight. (SInv)
You cover ground quickly. (Speed+)
You are covered in fur. (AC +1)
Your paws help you pounce on unaware monsters.
You are incapable of wielding weapons or throwing items.
You cannot wear armour.
You gain extra lives every three experience levels.


Message History

Trog accepts your kill.
You see here a worm corpse.
Found a glowing mace.
You feel a strong urge to attack something.
You barely miss the hobgoblin. You bite the hobgoblin.
You kill the hobgoblin!
Trog accepts your kill.
The kobold throws a stone.
The stone misses you.
You feel a strong urge to attack something.
The kobold closely misses you.
You claw the kobold!
You kill the kobold!
Trog accepts your kill.
Things that are here:
a +0 short sword; a stone; a kobold corpse You feel a strong urge to attack something.
You see here a +0 cloak.
You start resting.
You are no longer berserk.
You are exhausted.
You feel yourself slow down.
You start resting.
A worm comes into view.
A worm is nearby!
Things that are here:
a +0 short sword; a stone; a kobold corpse You start resting.
A worm is nearby!
You scratch the worm but do no damage. The worm closely misses you.
You scratch the worm.
The worm is moderately wounded.
The worm misses you.
You barely miss the worm.
The worm is moderately wounded.
The worm closely misses you.
You barely miss the worm.
The worm is lightly wounded.
The worm bites you!
Ouch! That really hurt!
You die...

#..#..#.<..#........
... ##.....##†#######
..# ...#####........#
.. #
.........#.####.#.#...#
# )....#.#.#..........#
#.####.#)#..#.#.##..# .
#.#[#..#.#.# #.#.##w#.#
# #.#..@.#.# #.######.#
..# ...


You could see a worm.

Vanquished Creatures
  2 adders (D:2)
  A worm (D:2)
  2 ball pythons
  4 bats
  3 endoplasms (D:1)
  4 goblins (D:1)
  4 hobgoblins
  3 jackals (D:1)
  5 quokkas
  3 frilled lizards (D:1)
  A kobold (D:2)
  A rat (D:1)
33 creatures vanquished.

Notes
Turn   | Place    | Note
-------+----------+-------------------------------------------
     0 | D:1      | Ayihk420 the Felid Berserker began the quest for the Orb.
     0 | D:1      | Reached XP level 1. HP: 10/10 MP: 2/2
   267 | D:1      | Reached XP level 2. HP: 10/14 MP: 3/3
  1221 | D:2      | Reached XP level 3. HP: 17/17 MP: 4/4
  1256 | D:2      | Reached ** piety under Trog
  1347 | D:2      | Found a faded altar of an unknown god.
  1425 | D:2      | Slain by a worm

Illustrated notes

Levels and vault maps discovered:
D:1:      dpeg_arrival_connections, layout_loops_ring
D:2:      layout_basic, nicolae_ecumenical_pavilion, st_stairs_6,
          kennysheep_boxes, uniq_natasha

Skill      XL: |  1  2 |
---------------+-------+-----
Unarmed Combat | 4 |  4.6
Fighting       | |  3.1
Dodging        | |  4.1

Action                   || total
-------------------------++-------
Melee: Unarmed           ||    96
       Bite              ||    12
       Punch             ||     2
Invok: Berserk           ||     1
 Stab: Sleeping          ||     1
Armor: Skin              ||     3
Dodge: Dodged            ||    77

Table legend: (Time is in decaauts)
 A = Elapsed time spent in this place.
 B = Non-inter-level travel time spent in this place.
 C = Inter-level travel time spent in this place.
 D = Time resting spent in this place.
 E = Time spent auto-exploring this place.
 F = Levels seen in this place.
 G = Mean time per level.
                   A        B        C        D        E       F      G
               +--------+--------+--------+--------+--------+-----+--------+
         Total |   1274 |   1274 |      0 |    193 |    838 |   2 |  637.0 |
       Dungeon |   1274 |   1274 |      0 |    193 |    838 |   2 |  637.0 |
               +--------+--------+--------+--------+--------+-----+--------+

Top non-repeatable levels by time:
     D:1: 1070 daAuts
     D:2: 204 daAuts
